[Event "Reykjavik Open 2022"]
[Site "Reykjavik"]
[Date "2022.04.10"]
[Round "7.26"]
[White "Larkin, Vladyslav"]
[Black "Foerster-Yialamas, Lucas"]
[Result "1-0"]
[ECO "B51"]
[WhiteElo "2399"]
[BlackElo "2048"]
[Annotator "TA"]
[PlyCount "69"]
[EventDate "2022.04.06"]
[EventCountry "ISL"]
[SourceTitle "playchess.com"]
[Source "ChessBase"]
[SourceQuality "1"]
[TimeControl "40/5400+30:1800+30"]

1. e4 c5 2. Nf3 d6 3. Bb5+ Nd7 4. Ba4 Ngf6 5. O-O a6 6. c4 {[%emt 0:00:21] Inhibits b5. B51: Sicilian: Moscow Variation (3 Bb5+) without 3...Bd7.} e5 7. Nc3 g6 8. d3 {[%emt 0:00:17] White is slightly better.} Bg7 9. a3 O-O 10. b4 b6 {[%emt 0:06:21] [#]} 11. Rb1 $146 ({Predecessor:} 11. Bc6 Rb8 12. Rb1 Qc7 13. Nd5 Nxd5 14. exd5 Nf6 15. bxc5 bxc5 16. Rxb8 Qxb8 17. Bg5 {0-1 (46) Bartel,M (2648)-Sarana,A (2654) Chess.com INT 2020}) 11... Rb8 12. Qc2 Qc7 13. Bxd7 {[%emt 0:07:14] &Bianco is more active.} (13. Rb2 $14 {was preferrable.}) 13... Bxd7 $11 14. Bg5 Be6 15. bxc5 bxc5 16. Bxf6 Bxf6 17. Qa4 Qd7 18. Rxb8 Rxb8 19. Qxa6 Rb3 20. Rc1 Bg4 {[%emt 0:04:51] Strongly threatening ...Bxf3.} 21. Nd2 Rb2 22. Nf1 Bg5 23. Rb1 ({Not} 23. Ne3 $2 Bxe3 24. Rf1 Bd4 $19) (23. Qa8+ {feels hotter.} Kg7 24. Rb1 Rxb1 25. Nxb1 Be2 26. Nc3) 23... Rxb1 24. Nxb1 Be2 25. Qb5 (25. Nc3 $5 Bxd3 26. Qa8+ Kg7 27. Qd5 $11) 25... Qa7 (25... Qxb5 $1 $11 26. cxb5 Bxd3) 26. a4 $1 $16 {[%emt 0:04:18] a5 is the strong threat.} Bxd3 (26... Bg4 $16) 27. Nc3 $18 Bxf1 28. Kxf1 {[%emt 0:00:06] And now a5 would win.} Bd2 {[%emt 0:00:08] [#]} 29. a5 Bxc3 $11 30. a6 Qe7 (30... Qc7 $11 31. Qb7 Qa5) 31. Qb8+ $18 Kg7 32. a7 Qg5 {[%emt 0:00:07] [#]} 33. g3 $1 ({Stronger than} 33. a8=Q Qc1+ 34. Ke2 Qd2+ 35. Kf3 Qf4+ 36. Ke2 Qd2+ 37. Kf3 Qf4+ 38. Ke2 Qd2+ $11) 33... Qd2 34. a8=Q Bd4 35. Qf8+ {[%emt 0:00:05] Weighted Error Value: White=0.13 (very precise) /Black=0.36} 1-0

[Event "Reykjavik Open 2022"]
[Site "Reykjavik"]
[Date "2022.04.10"]
[Round "7.27"]
[White "Martin, Julian"]
[Black "Jaivardhan Raj"]
[Result "1-0"]
[ECO "B38"]
[WhiteElo "2388"]
[BlackElo "2006"]
[Annotator "TA"]
[PlyCount "111"]
[EventDate "2022.04.06"]
[EventCountry "ISL"]
[SourceTitle "playchess.com"]
[Source "ChessBase"]
[SourceQuality "1"]
[TimeControl "40/5400+30:1800+30"]

1. e4 c5 2. Nf3 Nc6 3. d4 cxd4 4. Nxd4 g6 5. c4 Bg7 6. Be3 Nf6 7. Nc3 d6 8. Be2 O-O 9. O-O Bd7 10. h3 Rc8 11. Qd2 {[%emt 0:08:35] B38: Sicilian: Maroczy Bind with 5...Bg7 and 7...0-0.} Nxd4 12. Bxd4 Bc6 {[%emt 0:01:06] [#]} 13. Rad1 $146 {[%emt 0:11:20] White is slightly better.} ({Predecessor:} 13. Qd3 a5 14. b3 Nd7 15. Bxg7 Kxg7 16. Qd4+ Kg8 17. Bg4 Rc7 18. Bxd7 Rxd7 19. f4 {½-½ (47) Schreiner,P (2479)-Kyc,J (2280) Krakow 2018}) 13... Qc7 14. b4 Rfd8 15. b5 e5 16. Bxa7 $16 (16. bxc6 exd4 17. Nb5 (17. Qxd4 bxc6 18. Qd2 Rb8 $15) (17. cxb7 Qxb7 18. Qxd4 Nd7 $14) 17... Qxc6 $14) 16... b6 17. bxc6 {[%emt 0:01:41] [#] Hoping for Nb5.} Qxa7 18. Nb5 $36 {[%emt 0:00:14][%csl LRa7,LRd6][%mdl 2048] White is on the roll. &Bianco is more active.} Qa8 (18... Qe7 $16) 19. c7 $18 ({Avoid the trap} 19. Nxd6 $2 Rxc6 20. Bf3 Ne8 $19) 19... Rd7 20. Bg4 Nxg4 21. hxg4 Bf8 22. Qd5 Kg7 (22... Qa6 {was necessary.} 23. Rb1 (23. Qc6 Rcxc7 24. Nxc7 Qc8 $18) 23... Rdxc7) 23. a4 Be7 (23... Qxd5 $142 24. cxd5 Rdxc7 25. Nxc7 Rxc7) 24. Qxa8 Rxa8 25. a5 bxa5 26. c5 Rc8 27. Rd5 Rcxc7 28. Nxc7 Rxc7 29. cxd6 Bxd6 30. Rxd6 Ra7 31. Ra1 a4 32. Rd3 h5 33. gxh5 {[%emt 0:00:04] [#] And now Rda3 would win.} gxh5 34. Rda3 Rd7 35. Rxa4 Rd2 36. R1a2 Rd1+ 37. Kh2 Rd3 38. R2a3 Rd2 39. Rg3+ (39. Rf3 $142 Re2 40. Ra7 Rxe4 41. Raxf7+ Kg6 42. R3f6+ Kg5 43. Rf5+ Kh6 44. R7f6+ Kh7 45. Re6) 39... Kh7 40. Rf3 {[%emt 0:00:00] White mates.} Kg6 41. Ra6+ f6 42. Rfxf6+ Kg7 43. Rfd6 Rxf2 44. Rd7+ Rf7 45. Rxf7+ Kxf7 {[%emt 0:00:08] KR-KPP} 46. Kh3 Ke7 47. Kh4 Kd7 48. Kxh5 {[%emt 0:00:05] KR-KP} Kc7 49. g4 Kd7 50. g5 Ke7 51. g6 Kf8 52. Ra7 Kg8 53. Kh6 Kf8 54. Rb7 Ke8 55. g7 Kd8 56. g8=Q# {[%emt 0:00:03] Black got outplayed after the opening.  Weighted Error Value: White=0.03 (flawless) /Black=0.58} 1-0

[Event "Reykjavik Open 2022"]
[Site "Reykjavik"]
[Date "2022.04.10"]
[Round "7.28"]
[White "Marie, Maxime"]
[Black "Dishman, Stephen"]
[Result "1-0"]
[ECO "B13"]
[WhiteElo "2175"]
[BlackElo "2332"]
[Annotator "RC"]
[PlyCount "55"]
[EventDate "2022.04.06"]
[EventCountry "ISL"]
[SourceTitle "playchess.com"]
[Source "ChessBase"]
[SourceQuality "1"]
[TimeControl "40/5400+30:1800+30"]

1. c4 c6 2. e4 d5 3. exd5 cxd5 4. d4 Nf6 5. Nc3 Nc6 6. Bg5 dxc4 7. d5 Ne5 8. Qd4 h6 9. Bf4 Ng6 10. Bxc4 Nxf4 11. Qxf4 g5 12. Qd2 Bg7 13. h4 g4 14. Nge2 Bd7 15. a4 Rc8 16. Ba2 Bf5 17. O-O O-O 18. Rad1 Qb6 19. Rfe1 Ne4 20. Nxe4 Bxe4 21. Nc3 Bg6 22. Rxe7 Bf6 23. Re2 Bxh4 24. Qxh6 Bxf2+ 25. Kf1 Rxc3 26. d6 Bd3 27. Rxd3 Rxd3 28. Bxf7+ 1-0

[Event "Reykjavik Open 2022"]
[Site "Reykjavik"]
[Date "2022.04.10"]
[Round "7.29"]
[White "Mahajan, Rushaan"]
[Black "Brunello, Marina"]
[Result "1-0"]
[ECO "D02"]
[WhiteElo "2101"]
[BlackElo "2352"]
[Annotator "RC"]
[PlyCount "71"]
[EventDate "2022.04.06"]
[EventCountry "ISL"]
[SourceTitle "playchess.com"]
[Source "ChessBase"]
[SourceQuality "1"]
[TimeControl "40/5400+30:1800+30"]

1. Nf3 d5 2. g3 Nd7 3. d4 Nb6 4. Bg2 Nf6 5. O-O Bf5 6. b3 e6 7. c4 c6 8. Nbd2 Be7 9. Bb2 Ne4 10. Rc1 h5 11. Nxe4 Bxe4 12. Nd2 Bxg2 13. Kxg2 h4 14. e4 Bb4 15. Bc3 Bxc3 16. Rxc3 Qf6 17. e5 Qf5 18. Qf3 Qg5 19. Qf4 h3+ 20. Kf3 Qg6 21. Ke2 O-O 22. c5 Nd7 23. Qh4 f6 24. exf6 Nxf6 25. f4 b6 26. Qxh3 bxc5 27. Rxc5 Rac8 28. Rfc1 Ne4 29. Rxc6 Rce8 30. Nf3 Rf5 31. Rc8 Rh5 32. Nh4 Qf7 33. R1c7 Qf8 34. Qg4 Rxc8 35. Qxe6+ Kh7 36. Rxc8 1-0

[Event "Reykjavik Open 2022"]
[Site "Reykjavik"]
[Date "2022.04.10"]
[Round "7.30"]
[White "Heimisson, Hilmir Freyr"]
[Black "Briem, Benedikt"]
[Result "1/2-1/2"]
[ECO "A53"]
[WhiteElo "2312"]
[BlackElo "2079"]
[Annotator "RC"]
[PlyCount "101"]
[EventDate "2022.04.06"]
[EventCountry "ISL"]
[SourceTitle "playchess.com"]
[Source "ChessBase"]
[SourceQuality "1"]
[TimeControl "40/5400+30:1800+30"]

1. c4 c6 2. e4 e5 3. d4 d6 4. Nf3 Bg4 5. Be2 Nd7 6. Nc3 Be7 7. O-O Ngf6 8. Be3 Qc7 9. Qd2 h5 10. Rfd1 Bxf3 11. Bxf3 Ng4 12. Bxg4 hxg4 13. Qe2 Nf6 14. dxe5 dxe5 15. Bg5 Qc8 16. Bxf6 Bxf6 17. Rd3 Qe6 18. Rad1 Rd8 19. b3 Rxd3 20. Rxd3 Bd8 21. Qd1 Bb6 22. c5 Bc7 23. Ne2 Ke7 24. Ng3 g6 25. Nf1 Rd8 26. Rxd8 Bxd8 27. Ne3 Ba5 28. Nxg4 Bb4 29. h3 Bxc5 30. Qc1 Bd4 31. Qh6 b5 32. Qh8 f5 33. exf5 gxf5 34. Nh6 f4 35. Qg7+ Kd6 36. Nf7+ Kd5 37. Nd8 Qf5 38. Qg8+ Kc5 39. b4+ Kxb4 40. Nxc6+ Kc5 41. Ne7 Qd7 42. Qh7 Qe6 43. a3 Qa2 44. Qh4 Qa1+ 45. Kh2 Qe1 46. Nf5 Qxf2 47. Qe7+ Kb6 48. Qd6+ Ka5 49. Qb4+ Ka6 50. Nxd4 exd4 51. Qd6+ 1/2-1/2

[Event "Reykjavik Open 2022"]
[Site "Reykjavik"]
[Date "2022.04.10"]
[Round "7.31"]
[White "Dougherty, Michael"]
[Black "Lim, Zhuo Ren"]
[Result "1-0"]
[ECO "D44"]
[WhiteElo "2066"]
[BlackElo "2317"]
[Annotator "RC"]
[PlyCount "73"]
[EventDate "2022.04.06"]
[EventCountry "ISL"]
[SourceTitle "playchess.com"]
[Source "ChessBase"]
[SourceQuality "1"]
[TimeControl "40/5400+30:1800+30"]

1. d4 d5 2. Nf3 Nf6 3. c4 e6 4. Nc3 c6 5. Bg5 dxc4 6. a4 Bb4 7. e4 b5 8. e5 h6 9. exf6 hxg5 10. fxg7 Rg8 11. Ne5 Rxg7 12. Be2 Bb7 13. Bf3 f6 14. Bh5+ Ke7 15. Ng6+ Kd7 16. Qf3 Kc7 17. O-O-O Bxc3 18. bxc3 Rh7 19. h4 Qd6 20. hxg5 fxg5 21. Nf8 Rh8 22. Qf7+ Nd7 23. Nxe6+ Kb6 24. Kc2 Raf8 25. Nxf8 Rxf8 26. Qg6 Qa3 27. Bf3 Rf6 28. Qe4 Rf4 29. Qe3 Qxa4+ 30. Kd2 Qa2+ 31. Ke1 Rf6 32. Rh7 Nf8 33. Rxb7+ Kxb7 34. Qe7+ Nd7 35. Qxd7+ Ka6 36. Qc8+ Ka5 37. Qd8+ 1-0